 Dungeon Crawl Stone Soup version 0.31-a0-765-g67fe2935dc (webtiles) character file.

Game seed: 17117896697139664425

5578 randomguy2701 the Cleaver (level 10, -4/89 HPs)
             Began as a Hill Orc Fighter on Sept 15, 2023.
             Was a Follower of Beogh.
             Slain by a warg (10 damage)
             ... on level 8 of the Dungeon.
             The game lasted 00:14:03 (7281 turns).

randomguy2701 the Cleaver (Hill Orc Fighter)        Turns: 7281, Time: 00:14:04

Health: -4/89      AC: 10    Str: 26    XL:     10   Next: 72%
Magic:  10/10      EV: 11    Int:  8    God:    Beogh [*.....]
Gold:   554        SH:  5    Dex: 14    Spells: 9/9 levels left

rFire   . . .        J - +2 hand axe (freeze)
rCold   . . .        c - +0 buckler
rNeg    + . .        b - +0 scale mail
rPois   .            v - +1 hat
rElec   .            (no cloak)
rCorr   .            p - +0 pair of gloves
SInv    .            (no boots)
Will    .....        n - amulet of regeneration Stlth
                     D - ring of positive energy
HPRegen 1.14/turn    x - +6 ring of strength
MPRegen 0.12/turn

%: no passive effects
@: marked
A: no striking features
a: Renounce Religion


You were on level 8 of the Dungeon.
You worshipped Beogh.
Beogh was aware of your devotion.
You visited 1 branch of the dungeon, and saw 9 of its levels.

You collected 554 gold pieces.

Inventory:

Hand Weapons
 J - a +2 hand axe of freezing (weapon)
Armour
 b - a +0 scale mail (worn)
 c - a +0 buckler (worn)
 p - a +0 pair of gloves (worn)
 v - a +1 hat (worn)
Jewellery
 n - an amulet of regeneration (around neck)
 r - a +6 ring of intelligence
 x - a +6 ring of strength (right hand)
 A - a ring of wizardry
 D - a ring of positive energy (left hand)
 F - a ring of positive energy
Wands
 G - a wand of polymorph (12)
 I - a wand of iceblast (13)
Scrolls
 e - 4 scrolls of identify
 g - a scroll of fog
 i - 3 scrolls of summoning {unknown}
 k - a scroll of vulnerability {unknown}
 l - 5 scrolls of teleportation
 m - 2 scrolls of poison {unknown}
 o - a scroll of silence {unknown}
 s - 3 scrolls of fear {unknown}
 u - a scroll of noise {unknown}
 w - a scroll of brand weapon {unknown}
 y - a scroll of immolation {unknown}
 B - 2 scrolls of amnesia {unknown}
Potions
 d - a potion of might
 f - 3 potions of haste
 h - 5 potions of curing
 j - 2 potions of magic {unknown}
 q - 3 potions of brilliance {unknown}
 t - 2 potions of berserk rage {unknown}
 z - a potion of heal wounds {unknown}
 C - a potion of enlightenment {unknown}
 E - a potion of resistance {unknown}
 H - a potion of invisibility {unknown}


   Skills:
 + Level 8.3 Fighting
 + Level 13.9 Axes
 + Level 8.2 Armour
 + Level 3.8 Dodging
 + Level 1.1 Stealth
 + Level 5.9 Shields


You had 9 spell levels left.
You didn't know any spells.
Your spell library contained the following spells:

 Spells                   Type           Power      Damage    Failure   Level
 Blink                    Tloc           0%         N/A       85%         2
 Lesser Beckoning         Tloc           0%         N/A       85%         2
 Momentum Strike          Conj/Tloc      0%         3d8       85%         2
 Call Canine Familiar     Summ           0%         N/A       97%         3
 Gell's Gravitas          Tloc           0%         N/A       97%         3
 Inner Flame              Hex/Fire       0%         N/A       97%         3
 Sigil of Binding         Hex            0%         N/A       97%         3
 Stone Arrow              Conj/Erth      0%         3d7       97%         3
 Teleport Other           Tloc           0%         N/A       97%         3
 Animate Armour           Summ/Erth      0%         N/A       100%        4
 Dimensional Bullseye     Hex/Tloc       0%         N/A       100%        4
 Flame Wave               Conj/Fire      0%         2d4       100%        4
 Leda's Liquefaction      Hex/Erth       0%         N/A       100%        4
 Manifold Assault         Tloc           0%         N/A       100%        4
 Sticky Flame             Conj/Fire      0%         2d3       100%        4
 Vhi's Electric Charge    Tloc/Air       0%         N/A       100%        4
 Arcjolt                  Conj/Air       0%         1d10      100%        5
 Dispersal                Tloc           0%         N/A       100%        6
 Disjunction              Tloc           0%         N/A       100%        8
 Lehudib's Crystal Spear  Conj/Erth      0%         10d2      100%        8
 Maxwell's Capacitive Co  Air            0%         ∞         100%        8


Dungeon Overview and Level Annotations

Branches:
Dungeon (9/15)             Temple (0/1) D:7            Lair (0/5) D:9
    Orc: D:9-12

Altars:
Elyvilon
Kikubaaqudgha
Uskayaw
Zin

Shops:
D:4 [*[   D:6 *   D:8 =?

Portals:
Abyss: D:8

Annotations:
D:8 1 transporter, olddryhag's ghost, novice GnRe


Message History

The warg closely misses you. The warg barely misses you.
The orc priest hits you but does no damage.
Unknown command.
You slash the orc priest! You freeze the orc priest.
You kill the orc priest!
Beogh accepts your kill.
Beogh appreciates your killing of a heretic priest.
You closely miss the warg. x2; You block the warg's attack. x2
Unknown command.
You slash the warg! You freeze the warg.
The warg is severely wounded.
You hit the warg. You freeze the warg. The warg completely misses you.
The warg barely misses you.
You barely miss the warg.
The warg is severely wounded.
You hit the warg. You freeze the warg. The warg bites you!
* * * LOW HITPOINT WARNING * * *
The warg misses you.
You barely miss the warg.
The warg is severely wounded.
You barely miss the warg. The warg closely misses you.
The warg bites you but does no damage.
You barely miss the warg.
The warg is severely wounded.
You hit the warg. You freeze the warg. The warg bites you!
* * * LOW HITPOINT WARNING * * *
You slash the warg! You freeze the warg.
You kill the warg!
Beogh accepts your kill.
You hit the warg. You freeze the warg. The warg bites you.
* * * LOW HITPOINT WARNING * * *
Olddryhag's ghost says, "One skewered Hill Orc, coming right up."
You hit the warg. You freeze the warg.
The warg is almost dead.
The warg bites you.
* * * LOW HITPOINT WARNING * * *
You hit the warg. You freeze the warg.
The warg is almost dead.
The warg bites you!
You die...

....##.#.....# #.#.
....##.#.....#### #.#.
....##.+...>....# #.#.
....##.#.....##.# #...
...[####.....##.##############.#.
.................................
######.########.######.#########.
.................).###.## #.
######.########h@#.##...##### #.
######.#.........†..........# #.
.....#.#....................## #.
.....#.#...###....####..(....# #.
.....#^...##.##..##..####....# #.
.....#....#W..##©# #.Wx©#....# ##
....†###..###..###..##.##....#
.....###...# .W. #####.....#
###........### #..##.........#


You could see a warg and olddryhag's ghost.

Vanquished Creatures
  Harold (D:9)
  A kobold demonologist (D:7)
  2 shadows
  2 wyverns (D:8)
  2 yaks (D:8)
  A vampire mosquito (D:7)
  2 wargs
  An acid dragon (D:7)
  3 water moccasins (D:8)
  A black bear (D:7)
  6 sky beasts
  2 ice beasts
  2 ogres
  5 centaurs
  2 phantoms (D:5)
  A kobold brigand (D:8)
  4 bullfrogs
  A gnoll sergeant (D:7)
  4 scorpions
  A howler monkey (D:8)
  3 hounds
  2 orc priests
  3 jellies
  3 sleepcaps
  3 orc wizards
  2 iguanas
  Natasha (thrice) (D:2)
  8 gnolls
  9 adders
  5 white imps
  2 worms (D:3)
  A dart slug (D:5)
  22 orcs
  4 ball pythons
  5 endoplasms
  4 giant cockroaches
  5 goblins
  7 hobgoblins
  7 quokkas
  8 bats
  2 frilled lizards
  5 kobolds
  6 rats
163 creatures vanquished.

Notes
Turn   | Place    | Note
-------+----------+-------------------------------------------
     0 | D:1      | randomguy2701 the Hill Orc Fighter began the quest for the
                  | Orb.
     0 | D:1      | Reached XP level 1. HP: 19/19 MP: 1/1
   275 | D:1      | Reached XP level 2. HP: 26/27 MP: 2/2
   277 | D:1      | Reached skill level 3 in Axes
   380 | D:1      | Found a faded altar of an unknown god.
   887 | D:2      | Reached XP level 3. HP: 33/33 MP: 3/3
   956 | D:2      | Reached skill level 4 in Axes
  1096 | D:2      | Reached XP level 4. HP: 34/40 MP: 4/4
  1825 | D:3      | Noticed Natasha
  1850 | D:2      | Killed Natasha
  1851 | D:2      | Reached skill level 5 in Axes
  1851 | D:2      | Reached XP level 5. HP: 47/47 MP: 5/5
  2325 | D:2      | Noticed Natasha
  2330 | D:2      | Killed Natasha
  2470 | D:2      | Noticed Natasha
  2474 | D:2      | Killed Natasha
  2543 | D:4      | Reached skill level 6 in Axes
  2543 | D:4      | Reached XP level 6. HP: 53/53 MP: 6/6
  2608 | D:4      | Found Piucsi's Antique Armour Boutique.
  2666 | D:4      | Reached skill level 1 in Dodging
  3007 | D:4      | Found Virchepp's Armour Emporium.
  3043 | D:4      | Found Wenuk's Assorted Antiques.
  3301 | D:5      | Entered Level 5 of the Dungeon
  3309 | D:5      | Reached skill level 5 in Fighting
  3337 | D:5      | Reached skill level 7 in Axes
  3337 | D:5      | Reached XP level 7. HP: 61/61 MP: 7/7
  3656 | D:5      | Reached skill level 8 in Axes
  3656 | D:5      | Reached skill level 5 in Armour
  3807 | D:5      | Reached XP level 8. HP: 45/69 MP: 8/8
  4019 | D:6      | Found Fuhyhiul's Fabulous Fripperies.
  4182 | D:6      | Identified the +1 robe of Pantheism {Will+}
  4194 | D:6      | You fall into a shaft and drop 2 floors!
  4194 | D:8      | Found Afaschar's Jewellery Shop.
  4256 | D:8      | Noticed a wyvern
  4266 | D:8      | Killed a wyvern
  4267 | D:8      | Reached skill level 9 in Axes
  4341 | D:7      | Found a staircase to the Ecumenical Temple.
  4445 | D:6      | Became a worshipper of Beogh the Brigand
  4881 | D:6      | Found a white marble altar of Elyvilon.
  4881 | D:6      | Found an ancient bone altar of Kikubaaqudgha.
  4882 | D:6      | Found a glowing silver altar of Zin.
  4886 | D:6      | Found a hide-covered altar of Uskayaw.
  5401 | D:7      | Reached skill level 10 in Axes
  5505 | D:7      | Reached XP level 9. HP: 71/78 MP: 9/9
  5930 | D:7      | Reached skill level 11 in Axes
  6007 | D:7      | Noticed a kobold demonologist
  6032 | D:7      | Killed a kobold demonologist
  6033 | D:7      | Reached skill level 5 in Shields
  6048 | D:7      | Identified the ring of Wu Jian's Vengeance {Will+ EV+5
                  | Dex+3}
  6063 | D:7      | Noticed a cyclops
  6200 | D:7      | Reached skill level 12 in Axes
  6510 | D:8      | Found a one-way gate to the infinite horrors of the Abyss.
  6510 | D:8      | Noticed olddryhag's ghost (novice GnRe)
  6530 | D:8      | Reached * piety under Beogh
  6555 | D:8      | Reached XP level 10. HP: 65/86 MP: 10/10
  6603 | D:8      | Reached skill level 1 in Stealth
  6672 | D:8      | Reached skill level 13 in Axes
  6721 | D:8      | Found Qigeikh's Magic Scroll Shoppe.
  6810 | D:8      | Noticed a brown ugly thing
  6848 | D:8      | Found a transporter.
  7227 | D:9      | Noticed Harold
  7237 | D:9      | Killed Harold
  7259 | D:9      | Found a staircase to the Lair.
  7281 | D:8      | Slain by a warg

Illustrated notes

Levels and vault maps discovered:
D:1:      minmay_arrival_up_and_down, layout_basic,
          hellmonk_ecumenical_altar_leap_of_faith, minivault_5, minmay_tall_x
D:2:      layout_basic
D:3:      layout_loops_cross, grunt_ministairs_14, uniq_natasha
D:4:      nicolae_BIG_FREAKIN_CUBE, layout_basic, serial_shops,
          nicolae_shop_statue_plus, shop_statue, nicolae_shop_rolling_square,
          hellmonk_no_cap
D:5:      layout_loops_cross
D:6:      layout_basic, minitemple, nicolae_alphabet_shops, skrybe_limestone_x
D:7:      minmay_the_grid_triangle_9x9_rhombus_thin
          [minmay_the_grid_triangle_9x9_checkered,
          minmay_the_grid_triangle_9x9_prize_special,
          minmay_the_grid_triangle_9x9_semitri,
          minmay_the_grid_triangle_9x9_intruding_spiral], layout_basic,
          minmay_temple_entry_statues_fountains
D:8:      layout_basic, serial_shops, shop, gammafunk_ghost_abyssal_escape,
          minmay_shop_enchanted_jewellery, minmay_alternating_orb
D:9:      lemuel_ice_spiral_2, layout_basic,
          chequers_temple_overflow_statue_of_worship, erik_lair_orcish_takeover,
          dreamdust_mushroom_princess, minmay_misc_feat_tower,
          chequers_serial_rivers_room_a, uniq_harold, uniq_erica

Skill      XL: |  1  2  3  4  5  6  7  8  9 10 |
---------------+-------------------------------+-----
Axes           | 3 4 5 6 7 8 10 12 13 | 13.9
Fighting       | 4 5 6 7 8 |  8.3
Armour         | 4 5 6 7 8 |  8.2
Dodging        | 1 2 3 |  3.8
Shields        | 4 5 |  5.9
Stealth        | 1 |  1.1

Action                     |  1- 3 |  4- 6 |  7- 9 | 10-12 || total
---------------------------+-------+-------+-------+-------++-------
  Melee: War axe           |    86 |   163 |   309 |    77 ||   635
         Hand axe          |       |       |       |    20 ||    20
 Invoke: Convert to Beogh  |       |       |     1 |       ||     1
    Use: Scroll            |       |       |     5 |       ||     5
 Armour: Scale mail        |    75 |   137 |   228 |    57 ||   497
  Dodge: Dodged            |    37 |    75 |   124 |    53 ||   289
  Block: Buckler           |    20 |    33 |    63 |    23 ||   139

Table legend: (Time is in decaauts)
 A = Elapsed time spent in this place.
 B = Non-inter-level travel time spent in this place.
 C = Inter-level travel time spent in this place.
 D = Time resting spent in this place.
 E = Time spent auto-exploring this place.
 F = Levels seen in this place.
 G = Mean time per level.
                   A        B        C        D        E       F      G
               +--------+--------+--------+--------+--------+-----+--------+
         Total |   7370 |   6590 |    780 |    137 |   4896 |   9 |  818.9 |
       Dungeon |   7370 |   6590 |    780 |    137 |   4896 |   9 |  818.9 |
               +--------+--------+--------+--------+--------+-----+--------+

Top non-repeatable levels by time:
     D:7: 1191 daAuts
     D:2: 1106 daAuts
     D:6: 1050 daAuts
     D:4: 832 daAuts
     D:8: 829 daAuts
     D:5: 818 daAuts
     D:1: 772 daAuts
     D:3: 712 daAuts
     D:9: 55 daAuts
